Map: Efflorescence LE

Players

qqq

  • Race: Terran Terran
  • Spawn Location: 6:00

Massa

  • Race: Terran Terran
  • League: Platinum
  • Spawn Location: 9:00

HaryPL - Winner!

  • Race: Terran Terran
  • Spawn Location: 3:00

Alwar - Winner!

  • Race: Protoss Protoss
  • League: Diamond
  • Spawn Location: 12:00

VOD

Have the link to the VOD?

Description

Time

  • Played on: Nov. 8, 2020, 3:19 p.m.
  • Length: 16:13
Show
View Real Time Build Order
Export as new Build Order

qqq Terran 

Build Orders:  

Get SALT Encoding   

  12  0:00  SCV  
  13  0:13  SCV  
  14  0:21  Supply Depot  
  14  0:25  SCV  
  15  0:30  Refinery  
  15  0:46  Barracks  
  15  0:47  SCV  
  16  0:59  SCV  
  17  1:11  SCV  
  18  1:33  SCV  
  18  1:37  Reaper  
  20  1:44  Barracks  
  20  1:45  SCV  
  21  1:57  Refinery, SCV  
  22  2:09  Reaper  
  22  2:11  SCV  
  23  2:30  Supply Depot  
  23  2:45  Command Center  
  23  2:52  Reaper, Supply Depot  
  23  2:58  SCV  
  25  3:00  Factory  
  25  3:06  Barracks Tech Lab  
  25  3:10  SCV  
  26  3:23  Engineering Bay  
  27  3:32  Orbital Command  
  26  3:47  Marauder  
  28  3:49  Barracks Reactor  
  28  3:51  Factory Tech Lab  
  28  4:02  Missile Turret  
  28  4:05  SCV  
  28  4:06  SCV  
  28  4:08  Marauder  
  32  4:19  SCV  
  32  4:21  Starport  
  33  4:36  SCV  
  33  4:38  Missile Turret  
  34  4:40  SCV  
  34  4:44  Marine  
  36  4:47  Marine  
  36  4:48  SCV  
  38  4:52  SCV  
  38  4:53  Stimpack  
  39  5:00  SCV, Missile Turret  
  39  5:05  SCV  
  41  5:11  Siege Tank  
  41  5:13  Starport Reactor  
  44  5:19  Terran Infantry Weapons Level 1  
  44  5:23  SCV  
  44  5:24  SCV  
  45  5:35  SCV, Sensor Tower  
  45  5:39  Orbital Command  
  46  5:49  Marauder  
  48  5:50  Marine  
  48  5:52  Marine  
  50  6:07  SCV  
  50  6:08  Marine  
  50  6:10  Marine x2  
  52  6:19  SCV  
  53  6:26  Marine  
  53  6:29  Supply Depot  
  54  6:33  Combat Shield  
  54  6:50  SCV x2, Medivac, Viking  
  54  6:52  Supply Depot  
  54  6:53  Supply Depot  
  60  7:03  SCV  
  61  7:08  Marine  
  61  7:13  Marine  
  61  7:14  Marauder  
  65  7:16  Supply Depot  
  65  7:20  Medivac x2, Supply Depot  
  69  7:26  Marine, Missile Turret  
  70  7:42  Supply Depot  
  70  7:47  Missile Turret  
  70  7:50  Medivac  
  72  7:51  Siege Tank  
  72  7:53  Viking  
  72  7:57  Marine x3  
  80  8:08  Missile Turret  
  80  8:15  Marine x3  
  83  8:20  Terran Infantry Armor Level 1, Viking  
  83  8:23  Medivac  
  87  8:31  Widow Mine  
  87  8:33  Marine x3  
  92  8:50  Medivac  
  92  8:51  Marine x3  
  92  8:53  Widow Mine  
  99  9:08  Marine x3  
  57  9:40  SCV  
  57  9:42  Refinery  
  57  9:45  Viking x2  
  58  9:46  Refinery  
  58  9:53  SCV, Marine x3  
  62  10:00  Armory  
  62  10:05  SCV  
  63  10:11  Marine x3  
  66  10:15  Command Center, Viking x2  
  66  10:17  SCV  
  71  10:29  Marine  
  71  10:31  Marine x2, Missile Turret  
  74  10:45  Viking x2  
  78  10:51  Missile Turret  
  78  11:05  Widow Mine  
  80  11:12  Missile Turret  
  80  11:15  Starport, Viking x2  
  69  11:45  Viking  
  57  12:09  SCV  
  57  12:10  Engineering Bay  
  58  12:21  SCV  
  58  12:28  Viking x2  
  62  12:34  SCV  
  61  12:45  Missile Turret  
  61  12:46  SCV  
  61  12:49  Command Center, Missile Turret  
  62  12:52  Missile Turret  
  62  12:55  Marine x3  
  62  12:58  SCV, Viking x2  
  70  13:04  Missile Turret  
  70  13:08  Missile Turret  
  70  13:10  SCV  
  70  13:11  Missile Turret  
  71  13:12  Marine  
  71  13:18  Factory  
  72  13:22  SCV  
  73  13:28  Viking x2  
  73  13:29  Missile Turret  
  73  13:31  Missile Turret  
  77  13:38  SCV  
  78  13:42  Refinery x2  
  78  13:47  Command Center  
  78  13:50  SCV  
  77  13:57  Viking  
  77  14:00  Missile Turret  
  80  14:02  SCV  
  77  14:14  SCV  
  78  14:19  Missile Turret  
  78  14:27  SCV  
  79  14:36  Sensor Tower  
  79  14:38  Factory Tech Lab  
  79  14:39  SCV  
  81  14:53  SCV  
  80  15:15  Armory  
  72  15:30  Command Center  
  72  15:34  Planetary Fortress  
  72  15:39  Cyclone  
  72  15:42  Viking x2  
Show
View Real Time Build Order
Export as new Build Order

Massa Terran 

Build Orders:  

Get SALT Encoding   

  12  0:00  SCV  
  13  0:12  SCV  
  14  0:21  Supply Depot  
  14  0:24  SCV  
  15  0:31  Refinery  
  16  0:42  SCV  
  16  0:46  Barracks  
  16  0:55  SCV  
  17  1:07  SCV  
  18  1:19  SCV  
  19  1:31  SCV  
  20  1:37  Reaper  
  21  1:50  Command Center  
  21  1:52  Supply Depot  
  21  1:59  Orbital Command  
  21  2:19  Marine  
  22  2:24  Factory  
  22  2:32  Barracks  
  22  2:44  Barracks Reactor  
  22  2:45  SCV  
  23  2:57  SCV  
  24  3:00  Barracks  
  24  3:09  SCV  
  25  3:22  Marine  
  25  3:23  Marine  
  25  3:24  Barracks Tech Lab  
  25  3:26  Factory Tech Lab  
  26  3:32  Engineering Bay  
  26  3:33  Refinery, Orbital Command  
  26  3:35  SCV  
  26  3:40  Marine x2  
  29  3:43  Marauder  
  29  3:46  Stimpack  
  29  3:47  SCV  
  32  3:51  Barracks Reactor  
  32  3:57  Missile Turret  
  32  3:58  Marine  
  32  4:02  Missile Turret  
  33  4:11  Missile Turret  
  33  4:14  Siege Tank  
  33  4:15  Marine  
  33  4:17  Marine  
  37  4:21  SCV x2  
  40  4:28  Marauder, Marine  
  43  4:36  SCV  
  43  4:37  SCV  
  45  4:46  Missile Turret  
  45  4:47  Marine  
  46  4:56  Supply Depot  
  46  4:57  SCV x2  
  45  5:18  SCV x2, Marauder  
  49  5:22  Missile Turret  
  49  5:25  Missile Turret  
  52  5:28  Cyclone  
  52  5:30  SCV x2  
  54  5:38  Supply Depot  
  54  5:40  Supply Depot  
  54  5:43  Terran Infantry Weapons Level 1  
  54  5:52  Refinery  
  54  5:59  SCV x2, Marauder, Marine x4  
  62  6:06  Supply Depot  
  62  6:08  Supply Depot  
  62  6:11  SCV x2  
  64  6:22  Marine x3  
  64  6:23  SCV x2  
  69  6:28  Factory  
  69  6:33  Starport  
  69  6:38  Cyclone  
  72  6:42  Starport  
  72  6:50  Combat Shield  
  72  6:54  Refinery  
  72  7:01  SCV x2  
  74  7:06  Command Center  
  74  7:10  Marine x4  
  74  7:13  SCV x2  
  80  7:22  Viking  
  80  7:23  Viking  
  80  7:27  Missile Turret  
  84  7:33  Marauder  
  86  7:59  Factory Tech Lab  
  86  8:08  Concussive Shells  
  86  8:17  Marine x4, Viking x2, Siege Tank  
  86  8:18  Marauder  
  99  8:22  SCV x2  
  101  8:32  Refinery  
  101  8:49  Marine, Missile Turret  
  101  8:56  Orbital Command  
  101  9:09  Missile Turret  
  101  9:10  SCV x2  
  101  9:32  Terran Infantry Armor Level 1, Armory, Missile Turret  
  101  9:35  Engineering Bay  
  101  9:38  Refinery  
  101  9:45  Missile Turret  
  101  9:49  Missile Turret  
  101  9:54  Missile Turret  
  101  9:55  Missile Turret  
  101  9:58  Missile Turret  
  101  10:14  Starport Reactor x2  
  101  10:20  Supply Depot x2  
  101  10:21  Supply Depot  
  101  10:22  Supply Depot  
  101  10:24  Supply Depot  
  101  10:32  Terran Vehicle And Ship Armor Level 1  
  101  10:39  Armory  
  101  10:41  SCV, Marine x4  
  101  10:42  SCV x2, Marauder  
  110  10:43  Supply Depot  
  110  10:44  Supply Depot  
  110  10:45  Supply Depot  
  110  10:46  Supply Depot x2  
  110  10:50  Viking  
  110  10:51  Viking x3  
  110  10:54  SCV x3  
  121  10:59  Marine x3  
  121  11:01  Command Center  
  121  11:03  Marauder  
  126  11:06  SCV x3  
  126  11:08  Supply Depot  
  126  11:09  Supply Depot  
  129  11:12  Starport  
  129  11:16  Starport  
  129  11:20  Viking  
  129  11:21  Viking x2  
  135  11:31  Thor x2  
  137  11:59  Starport Tech Lab, Starport Reactor  
  137  12:03  Refinery  
  137  12:10  SCV x3  
  137  12:11  Missile Turret  
  140  12:22  SCV x2  
  142  12:31  Missile Turret  
  142  12:34  Thor x2  
  154  12:38  Medivac  
  156  12:46  Refinery  
  156  12:49  Orbital Command  
  156  12:50  Refinery, SCV x2  
  156  12:51  SCV  
  159  12:53  Missile Turret  
  159  13:02  SCV  
  159  13:03  SCV x2  
  162  13:07  Command Center  
  162  13:14  Terran Vehicle And Ship Armor Level 2, SCV, Missile Turret  
  162  13:15  SCV x2  
  165  13:20  Thor  
  165  13:21  Armory  
  165  13:23  Command Center  
  165  13:24  Viking x2  
  175  13:35  Missile Turret  
  175  13:39  Thor  
  181  13:42  Viking  
  181  13:43  Viking  
  181  13:47  Viking  
  187  13:54  SCV x2  
  187  13:55  SCV  
  190  13:56  SCV  
  191  14:06  SCV  
  191  14:07  SCV x2  
  191  14:08  SCV, Viking x2  
  199  14:18  SCV  
  200  14:32  Sensor Tower  
  200  14:37  Orbital Command  
  200  14:41  Missile Turret  
  200  14:42  Missile Turret x2  
  200  14:43  Missile Turret  
  198  15:05  Missile Turret x2  
  194  15:07  Missile Turret  
  176  15:26  Missile Turret  
  166  15:29  Missile Turret x2, Thor x2  
  166  15:31  Missile Turret, Viking x6  
Show
View Real Time Build Order
Export as new Build Order

HaryPL Terran - Winner!

Build Orders:  

Get SALT Encoding   

  12  0:00  SCV  
  13  0:12  SCV  
  14  0:20  Supply Depot  
  14  0:24  SCV  
  15  0:41  SCV  
  15  0:42  Barracks  
  16  0:53  SCV  
  17  1:05  SCV  
  18  1:18  SCV  
  19  1:30  SCV  
  20  1:38  Marine  
  21  1:49  Command Center  
  21  1:53  Refinery  
  21  1:55  Refinery  
  21  1:56  Marine  
  22  2:14  Marine  
  23  2:31  Supply Depot  
  23  2:52  SCV, Marine  
  25  3:03  SCV, Factory  
  25  3:04  SCV  
  27  3:10  Marine, Supply Depot  
  28  3:15  SCV  
  28  3:16  SCV  
  30  3:27  SCV  
  30  3:28  Marine  
  30  3:30  SCV  
  33  3:34  Supply Depot  
  33  3:39  SCV  
  34  3:42  SCV  
  34  3:45  Marine  
  34  3:46  Factory Tech Lab  
  36  3:50  Starport  
  36  3:51  SCV  
  37  3:58  SCV  
  38  4:03  SCV, Supply Depot  
  38  4:05  Siege Tank  
  42  4:10  SCV  
  42  4:11  Refinery  
  42  4:13  Refinery  
  42  4:15  SCV  
  44  4:17  Marine  
  44  4:23  SCV  
  46  4:27  SCV  
  46  4:29  Starport Tech Lab  
  47  4:33  Supply Depot  
  47  4:35  SCV, Marine  
  49  4:42  Fusion Core  
  49  4:44  SCV  
  50  4:47  SCV  
  51  4:56  SCV  
  51  4:57  Supply Depot  
  51  4:59  SCV  
  53  5:08  SCV  
  53  5:11  SCV  
  55  5:15  Starport  
  55  5:20  SCV, Armory  
  56  5:23  SCV  
  57  5:32  SCV  
  58  5:37  Battlecruiser  
  58  5:40  Weapon Refit  
  64  5:44  Orbital Command  
  64  5:46  Orbital Command  
  64  5:51  Starport Tech Lab  
  64  5:55  Starport  
  64  6:08  Terran Ship Weapons Level 1  
  64  6:13  Command Center  
  64  6:23  Battlecruiser  
  70  6:31  Starport Tech Lab  
  70  6:38  Supply Depot  
  70  6:52  Battlecruiser  
  76  7:00  Supply Depot  
  76  7:22  SCV x2  
  78  7:32  Battlecruiser  
  78  7:34  SCV x2  
  78  7:36  Supply Depot  
  86  7:46  SCV x2  
  86  7:47  Battlecruiser  
  94  7:51  SCV  
  95  7:58  SCV  
  95  7:59  SCV, Supply Depot  
  95  8:00  Engineering Bay  
  95  8:02  Terran Vehicle And Ship Armor Level 1  
  95  8:03  SCV  
  98  8:10  SCV  
  98  8:11  SCV  
  100  8:14  Refinery  
  100  8:15  SCV  
  100  8:17  Refinery  
  101  8:23  SCV x2, Supply Depot  
  101  8:24  Battlecruiser  
  109  8:27  SCV  
  109  8:32  Missile Turret  
  110  8:35  SCV  
  110  8:40  SCV  
  112  8:52  Missile Turret  
  112  8:56  Planetary Fortress  
  111  9:08  Battlecruiser  
  117  9:14  Missile Turret  
  117  9:44  Battlecruiser x2  
  129  9:56  Armory  
  129  10:09  Command Center  
  129  10:15  Terran Ship Weapons Level 2  
  129  10:18  Battlecruiser  
  135  10:46  Supply Depot  
  135  10:47  Starport  
  135  10:48  Thor  
  141  11:10  Supply Depot  
  141  11:25  Starport  
  141  11:33  Supply Depot  
  134  11:48  Planetary Fortress  
  134  11:52  Battlecruiser x3  
  152  11:55  Supply Depot  
  152  12:06  Starport Tech Lab x2  
  152  12:12  SCV x2  
  152  12:14  SCV  
  154  12:24  SCV x2  
  154  12:26  SCV  
  157  12:36  SCV x2  
  159  12:38  SCV  
  159  12:43  Missile Turret  
  160  12:49  Battlecruiser x2  
  160  12:50  SCV  
  173  12:56  Battlecruiser  
  179  13:02  SCV, Terran Ship Weapons Level 3  
  179  13:03  Missile Turret  
  180  13:06  Terran Vehicle And Ship Armor Level 2  
  180  13:14  Refinery  
  180  13:17  Refinery  
  180  13:23  Missile Turret  
  180  13:31  Supply Depot  
  180  13:32  Thor  
  186  13:36  Hi-Sec Auto Tracking  
  186  13:43  Missile Turret  
  186  13:53  Battlecruiser  
  186  13:55  Supply Depot  
  192  14:03  Missile Turret  
  192  14:18  Supply Depot  
  192  14:52  Battlecruiser  
Show
View Real Time Build Order
Export as new Build Order

Alwar Protoss - Winner!

Build Orders: Oracle Opening, Carriers 

Get SALT Encoding   

  12  0:00  Probe  
  13  0:12  Probe  
  14  0:21  Pylon  
  14  0:24  Probe  
  15  0:39  Probe (Chrono Boost)  
  15  0:41  Gateway  
  17  0:50  Probe (Chrono Boost)  
  17  0:57  Gateway  
  17  0:59  Probe  
  18  1:10  Assimilator  
  18  1:11  Probe  
  18  1:15  Assimilator  
  19  1:23  Probe  
  20  1:28  Cybernetics Core  
  20  1:35  Probe  
  20  1:38  Pylon  
  21  1:47  Probe  
  22  1:59  Probe  
  23  2:05  Stalker  
  25  2:16  Stargate  
  25  2:19  Probe  
  26  2:24  Warp Gate  
  26  2:45  Nexus  
  26  2:48  Stalker  
  28  2:59  Oracle (Chrono Boost)  
  31  3:08  Assimilator  
  31  3:37  Pylon  
  31  3:41  Pylon  
  31  3:43  Assimilator  
  31  3:49  Forge  
  31  3:52  Oracle (Chrono Boost)  
  35  3:56  Probe (Chrono Boost)  
  35  3:57  Pylon  
  35  4:01  Probe (Chrono Boost)  
  37  4:13  Probe x2 (Chrono Boost)  
  38  4:17  Probe (Chrono Boost)  
  38  4:19  Probe  
  38  4:22  Void Ray  
  40  4:28  Probe  
  45  4:46  Fleet Beacon  
  45  5:25  Void Ray, Flux Vanes  
  46  5:35  Stargate  
  46  5:43  Probe x2 (Chrono Boost)  
  48  5:53  Probe x2 (Chrono Boost), Photon Cannon  
  48  5:56  Photon Cannon  
  50  5:58  Probe x2 (Chrono Boost)  
  50  6:02  Pylon  
  52  6:07  Photon Cannon  
  52  6:08  Void Ray (Chrono Boost)  
  52  6:11  Photon Cannon  
  56  6:21  Void Ray (Chrono Boost)  
  60  6:39  Probe x2  
  62  6:40  Void Ray (Chrono Boost)  
  62  6:45  Pylon  
  66  6:55  Void Ray  
  66  6:58  Pylon  
  70  7:10  Nexus  
  70  7:17  Void Ray  
  70  7:20  Protoss Air Weapons Level 1  
  74  7:33  Void Ray  
  75  8:02  Stargate  
  75  8:05  Twilight Council  
  75  8:08  Stargate  
  75  8:09  Gateway  
  75  8:12  Gateway  
  73  9:05  Stalker x2  
  73  9:06  Stalker  
  75  9:18  Stalker  
  75  9:33  Charge (Chrono Boost), Zealot  
  72  9:44  Nexus  
  72  9:47  Void Ray (Chrono Boost), Assimilator  
  72  9:48  Void Ray (Chrono Boost)  
  72  9:51  Assimilator  
  72  9:55  Pylon  
  72  9:56  Carrier (Chrono Boost)  
  72  9:57  Carrier (Chrono Boost)  
  72  9:58  Pylon  
  92  10:02  Pylon  
  92  10:05  Protoss Shields Level 1  
  92  10:16  Probe  
  93  10:24  Protoss Air Weapons Level 2 (Chrono Boost)  
  93  10:28  Probe  
  94  10:29  Probe  
  95  10:41  Probe (Chrono Boost)  
  97  10:45  Probe (Chrono Boost)  
  97  10:49  Robotics Facility  
  98  10:50  Probe (Chrono Boost)  
  98  10:54  Probe (Chrono Boost)  
  98  10:55  Tempest (Chrono Boost), Probe (Chrono Boost)  
  105  11:09  Shield Battery  
  105  11:11  Shield Battery  
  105  11:15  Shield Battery  
  105  11:17  Probe x2  
  107  11:31  Probe x2  
  107  11:32  Probe  
  110  11:40  Void Ray  
  110  11:43  Probe x2, Phoenix  
  110  11:44  Probe  
  119  11:55  Probe  
  119  11:56  Probe  
  107  12:31  Carrier (Chrono Boost)  
  107  12:32  Carrier x2 (Chrono Boost)  
  107  12:34  Carrier (Chrono Boost)  
  131  12:43  Probe x2  
  133  12:50  Pylon  
  133  12:51  Pylon  
  133  12:54  Pylon  
  133  12:55  Photon Cannon  
  133  12:57  Photon Cannon  
  133  13:08  Probe  
  133  13:09  Observer  
  135  13:14  Protoss Air Weapons Level 3 (Chrono Boost)  
  135  13:17  Probe  
  136  13:25  Carrier (Chrono Boost)  
  142  13:34  Templar Archives  
  142  13:36  Nexus  
  142  13:38  Pylon  
  142  13:40  Pylon  
  142  13:41  Protoss Shields Level 2 (Chrono Boost)  
  142  14:00  Probe x3  
  145  14:05  Pylon  
  145  14:07  Pylon  
  145  14:10  Pylon  
  145  14:11  Void Ray (Chrono Boost)  
  145  14:13  Psionic Storm, Pylon  
  145  14:16  Assimilator  
  145  14:20  Assimilator  
  149  14:29  High Templar x2  
  153  14:51  Carrier (Chrono Boost)  
  158  14:53  Tempest (Chrono Boost)  
  164  15:11  Carrier (Chrono Boost), Void Ray (Chrono Boost)  
  175  15:21  Observer  
  166  15:51  Archon  
Tags
 
Add a new tag
Caveats
  • Supply blocks, unpowered buildings, or Contaminate may cause inaccurate times.
  • Supply counts are checked every 10 seconds.